AoeStats
← Carpii

Arena

508716050Analyzed
4v4 RM · 10d ago on Sep 23, 2026· 19m 51s· 8 players
Game mode
Random Map
Map size
Large (8 player)
Population
200
Speed
Normal
Resources
Standard
Victory
Conquest
Starting age
Dark Age
Ending age
Imperial Age
RankedLock teamsTeams togetherTeam positionsShared explorationLock speedFull tech treeHidden civsTurbo modeCheats
Victory
Defeat
🇦🇷 Cumans · Argentina
1463
+12
🇦🇷 Vietnamese · Argentina
1295
+19
🇦🇷 Sicilians · Argentina
1295
+19
🇦🇷 Romans · Argentina
1245
+20
🇨🇭 Portuguese · Switzerland
1363
-18
🇩🇪 Bohemians · Germany
1358
-18
🇦🇹 Italians · Austria
1349
-17
🇩🇪 Lithuanians · Germany
1346
-17
Carpii
11:00 Feudal Age
14:52 Castle Age
13:01 Double-Bit Axe
16:32 Squires
hafnfp13
10:36 Feudal Age
DesFroschi
10:56 Feudal Age
14:56 Castle Age
13:28 Double-Bit Axe
17:13 Chemistry
17:10 Padded Archer Armor
Hannibal Lecture
11:04 Feudal Age
9:54 Loom
14:51 Castle Age
TVHG.DooM
9:02 Feudal Age
12:50 Castle Age
TVHG.Ruleman | EX REY
9:41 Feudal Age
10:27 Double-Bit Axe
16:26 Horse Collar
TVHG.- TheCuervo
10:04 Feudal Age
10:44 Double-Bit Axe
11:12 Horse Collar
12:15 Fletching
12:18 Town Watch
13:51 Padded Archer Armor
19:05 Stone Mining
19:07 Gold Mining
TVHG.Chacky09
5:37 Loom
Connection lost

Rejoining the realm…

Still unreachable

The connection could not be restored.

Session expired

The server has moved on; the page needs a fresh start.